 Dungeon Crawl Stone Soup version 0.25-a0-855-g681bda5bb4 (webtiles) character file.

Game seed: 13642413611087939236, levelgen mode: deterministic

2705 gargoyle3rune the Basher (level 9, 0/54 HPs)
             Began as a Gargoyle Fighter on Apr 26, 2020.
             Slain by a wyvern (4 damage)
             ... on level 8 of the Dungeon.
             The game lasted 00:13:06 (5192 turns).

gargoyle3rune the Basher (Gargoyle Fighter)         Turns: 5192, Time: 00:13:06

Health: 0/54       AC: 14    Str: 22    XL:     9   Next: 65%
Magic:  9/9        EV:  8    Int: 10    God:
Gold:   76         SH: 11    Dex:  9    Spells: 8/8 levels left

rFire    + + .     SeeInvis .   z - +1 flail (drain)
rCold    . . .     Gourm    +   c - +0 kite shield
rNeg     + . .     Faith    .   b - +0 scale mail
rPois    ∞         Spirit   .   (no helmet)
rElec    +         Reflect  .   (no cloak)
rCorr    +         Harm     .   (no gloves)
MR       .....                  j - +0 pair of boots
Stlth    +.........             r - amulet of the gourmand
HPRegen  0.18/turn              n - ring of stealth
MPRegen  0.11/turn              l - ring of fire

@: mighty, resistant, berserk cooldown, slowed, very slow
A: negative energy resistance 1, electricity resistance, unbreathing,
petrification resistance, rot immunity, AC +6
a: no special abilities


You were on level 8 of the Dungeon.
You were very full.

You visited 1 branch of the dungeon, and saw 6 of its levels.

You collected 152 gold pieces.
You spent 76 gold pieces at shops.

Inventory:

Hand Weapons
 z - a +1 flail of draining (weapon)
 B - a +4 whip
Missiles
 u - 13 boomerangs (quivered)
 A - a curare-tipped dart
Armour
 b - a +0 scale mail (worn)
 c - a +0 kite shield (worn)
 j - a +0 pair of boots (worn)
Jewellery
 l - a ring of fire (right hand)
 n - a ring of stealth (left hand)
 r - an amulet of the gourmand (around neck)
Scrolls
 g - 5 scrolls of identify
 k - a scroll of fog {unknown}
 m - 3 scrolls of teleportation
 o - a scroll of torment {unknown}
 p - a scroll of fear {unknown}
 s - 2 scrolls of enchant armour
 v - a scroll of noise {unknown}
 w - a scroll of remove curse {unknown}
 x - a scroll of blinking {unknown}
 y - a scroll of amnesia {unknown}
Potions
 e - a potion of degeneration {unknown}
 h - a potion of mutation {unknown}
 i - 2 potions of berserk rage
 q - a potion of resistance
Comestibles
 a - 6 chunks of flesh
 f - 13 rations


   Skills:
 - Level 5.0 Fighting
 * Level 10.0 Maces & Flails
 - Level 5.0 Armour
 + Level 8.2 Shields


You had 8 spell levels left.
You didn't know any spells.
Your spell library was empty.

Dungeon Overview and Level Annotations

Branches:
Dungeon (5/15)
 Temple: D:4-7

Altars:
Ashenzari
Nemelex Xobeh
Ru
Xom

Shops:
D:4 **![


Innate Abilities, Weirdness & Mutations

You are resistant to torment.
Your stone body is resilient. (AC +6)
You are immune to poison.
You resist negative energy. (rN+)
You are resistant to electric shocks. (rElec)
You can survive without breathing.
You are immune to petrification.
You are immune to rotting.


Message History

You feel protected. The wyvern closely misses you.
The wyvern bites you but does no damage.
Okay, then.
You barely miss the wyvern.
The wyvern is heavily wounded.
You block the wyvern's attack.
The wyvern bites you but does no damage.
You sock the wyvern!
The wyvern is almost dead.
The wyvern bites you!
* * * LOW HITPOINT WARNING * * *
The wyvern bites you but does no damage. x2
You closely miss the wyvern.
The wyvern is almost dead.
You block the wyvern's attack. The wyvern closely misses you.
You closely miss the wyvern.
The wyvern is almost dead.
You block the wyvern's attack. The wyvern bites you.
You die...

##### #...# ##...#
#...## #....#.#######
#.####..÷....# #.
#.......# # #.@.....#
.. ####.l.....#
../..#...##..........#
..........8..#........#
....5.8.P...P#........#
....8.8.....P8.#.######
.........8.....#.#
#Z...8.........#.#
Zl585..?.........#


You could see a wyvern.

Vanquished Creatures
  The ghost of ylver the Ruffian, a novice TrMo (D:4)
  A centaur zombie (D:8)
  A centaur skeleton (D:8)
  A hellwing (D:8)
  A meliai zombie (D:8)
  A hippogriff (D:8)
  An orc warrior (D:8)
  2 ogres (D:4)
  A centaur (D:5)
  A bullfrog (D:5)
  A scorpion (D:4)
  A bullfrog zombie (D:3)
  A crimson imp (D:5)
  4 hounds
  An orc priest (D:8)
  A gnoll shaman (D:4)
  3 orc wizards
  5 worker ants
  9 gnolls
  7 adders
  2 shadow imps
  2 oozes
  2 adder skeletons
  An adder zombie (D:5)
  3 worms (D:2)
  A dart slug (D:1)
  2 leopard geckos
  9 orcs
  3 ball pythons
  5 bats
  4 giant cockroaches
  7 goblins
  6 hobgoblins
  2 jackals (D:4)
  2 quokkas (D:4)
  6 frilled lizards
  6 kobolds
  A leopard gecko zombie (D:5)
  11 rats
119 creatures vanquished.

Notes
Turn   | Place    | Note
-------+----------+-------------------------------------------
     0 | D:1      | gargoyle3rune the Gargoyle Fighter began the quest for the
                  | Orb.
     0 | D:1      | Reached XP level 1. HP: 14/14 MP: 1/1
   215 | D:1      | Reached XP level 2. HP: 19/19 MP: 2/2
   833 | D:2      | Reached XP level 3. HP: 19/23 MP: 3/3
  1232 | D:2      | Reached skill level 3 in Maces & Flails
  1280 | D:2      | Reached XP level 4. HP: 27/29 MP: 4/4
  2095 | D:3      | Reached XP level 5. HP: 33/33 MP: 5/5
  2443 | D:3      | Found a shattered altar of Ashenzari.
  2568 | D:3      | Reached skill level 4 in Maces & Flails
  2936 | D:4      | Reached XP level 6. HP: 33/39 MP: 6/6
  3151 | D:4      | Found Taami's Distillery.
  3155 | D:4      | Bought a potion of curing for 36 gold pieces
  3191 | D:4      | Reached XP level 7. HP: 27/44 MP: 7/7
  3464 | D:4      | Reached skill level 5 in Maces & Flails
  3590 | D:4      | Found Umaun's Assorted Antiques.
  3598 | D:4      | Found Kagebaliyte's Assorted Antiques.
  3602 | D:4      | Bought a scroll labeled RUM YROXYMIHU for 20 gold pieces
  3602 | D:4      | Bought a scroll labeled XUYRIH TATY for 20 gold pieces
  3610 | D:4      | Found a shimmering altar of Xom.
  3611 | D:4      | Found a sacrificial altar of Ru.
  3613 | D:4      | Found a sparkling altar of Nemelex Xobeh.
  3784 | D:4      | Reached skill level 5 in Fighting
  3914 | D:4      | Reached skill level 5 in Armour
  3914 | D:4      | Reached skill level 5 in Shields
  3929 | D:4      | Found Ceevvuh's Antique Armour Boutique.
  3964 | D:4      | Found a runed translucent door.
  3967 | D:4      | Noticed ylver's ghost (novice TrMo)
  4001 | D:4      | Killed ylver's ghost
  4001 | D:4      | Reached skill level 6 in Maces & Flails
  4001 | D:4      | Reached XP level 8. HP: 32/49 MP: 8/8
  4182 | D:5      | Entered Level 5 of the Dungeon
  4220 | D:5      | Reached skill level 7 in Maces & Flails
  4590 | D:5      | You fall into a shaft and drop 3 floors!
  4765 | D:8      | Reached skill level 8 in Maces & Flails
  4803 | D:8      | Noticed a wyvern
  4803 | D:8      | Noticed a hellwing
  4809 | D:8      | Noticed a hellwing
  4834 | D:8      | Reached XP level 9. HP: 12/54 MP: 9/9
  4908 | D:8      | Reached skill level 9 in Maces & Flails
  5165 | D:8      | Killed a hellwing
  5165 | D:8      | Reached skill level 10 in Maces & Flails
  5192 | D:8      | Slain by a wyvern

Levels and vault maps discovered:
D:1:      mrwooster_arrival_statue_2, layout_basic, grunt_decor_resistance,
          minmay_hexomino_u4
D:2:      layout_loops_ring, first_ration
D:3:      layout_rooms, lemuel_tele_altar
D:4:      layout_basic, grunt_temple_overflow_open, serial_shops,
          nicolae_shop_trees, shop, shop, shop, ebering_ghost_reflecting_pool,
          st_stairs_14
D:5:      layout_rooms
D:8:      cheibrodos_grave_circle, layout_rooms

Skill      XL: |  1  2  3  4  5  6  7  8  9 |
---------------+----------------------------+-----
Maces & Flails | 3 4 6 8 10 | 10.0
Armour         | 4 5 |  5.0
Fighting       | 4 5 |  5.0
Shields        | 4 5 7 8 |  8.2

Action                   |  1- 3 |  4- 6 |  7- 9 || total
-------------------------+-------+-------+-------++-------
Melee: Flail             |   133 |   215 |   241 ||   589
       Whip              |       |       |    62 ||    62
Throw: Dart              |       |    11 |     5 ||    16
       Boomerang         |       |     2 |     2 ||     4
  Use: Scroll            |       |     3 |     2 ||     5
       Potion            |       |       |     7 ||     7
  Eat: Chunk             |     1 |    14 |    14 ||    29
Armor: Scale mail        |   117 |   167 |   203 ||   487
Dodge: Dodged            |    55 |    77 |   118 ||   250
Block: Kite shield       |    73 |   119 |   196 ||   388

Table legend:
 A = Non-vault XP
 B = Vault XP
 C = Vault XP percentage of total XP
 D = Non-vault monster count
 E = Vault monster count
 F = Vault count percentage of total count
                 A         B        C        D         E       F
            +---------+---------+-------+---------+---------+-------
      Total |    1767 |    2098 |  54.3 |     106 |      13 |  10.9
            +---------+---------+-------+---------+---------+-------
        D:1 |      27 |       6 |  18.2 |      12 |       5 |  29.4
        D:2 |     103 |       0 |   0.0 |      27 |       0 |   0.0
        D:3 |     146 |       0 |   0.0 |      18 |       0 |   0.0
        D:4 |     513 |     627 |  55.0 |      23 |       3 |  11.5
        D:5 |     444 |       0 |   0.0 |      16 |       0 |   0.0
        D:8 |     534 |    1465 |  73.3 |      10 |       5 |  33.3
            +---------+---------+-------+---------+---------+-------
